AoeStats
← lyonnais--86

MegaRandom

510424911Analyzed
4v4 RM · 16h ago on Oct 1, 2026· 50m 19s· 8 players
Game mode
Random Map
Map size
Large (8 player)
Population
200
Speed
Normal
Resources
Standard
Victory
Conquest
Starting age
Dark Age
Ending age
Imperial Age
RankedLock teamsTeams togetherTeam positionsShared explorationLock speedFull tech treeHidden civsTurbo modeCheats
Victory
Defeat
🇨🇴 Varangians · Colombia
1075
+14
🇩🇪 Vietnamese · Germany
1031
+16
🇫🇷 Ethiopians · France
984
+18
🇫🇷 Malay · France
980
+18
🇹🇼 Huns · Taiwan
1092
-18
🇺🇸 Mongols · United States
1077
-19
🇨🇳 Burgundians · China
999
-15
🇺🇸 Danes · United States
964
-14
lyonnais--86
7:08 Loom
10:19 Feudal Age
14:41 Fletching
23:40 Padded Archer Armor
26:16 Castle Age
24:50 Scale Mail Armor
26:38 Horse Collar
26:23 Crossbowman
27:09 Thumb Ring
27:51 Bodkin Arrow
28:11 Leather Archer Armor
30:43 Double-Bit Axe
31:45 Ballistics
38:50 Imperial Age
37:07 Gold Mining
39:32 Squires
40:55 Conscription
41:45 Chemistry
42:34 Husbandry
41:56 Light Cavalry
44:21 Arbalester
46:04 Bracer
razors-38i
12:16 Loom
15:48 Feudal Age
18:54 Castle Age
17:51 Scale Barding Armor
19:48 Forging
29:33 Double-Bit Axe
30:31 Wheelbarrow
29:44 Horse Collar
30:39 Gold Mining
31:03 Husbandry
34:50 Stone Mining
38:11 Imperial Age
36:07 Bow Saw
36:34 Hand Cart
35:50 Man-at-Arms
36:32 Squires
35:56 Pikeman
37:17 Iron Casting
37:16 Padded Archer Armor
37:06 Fletching
37:18 Treadmill Crane
38:06 Long Swordsman
39:55 Blast Furnace
39:12 Leather Archer Armor
38:22 Elite Skirmisher
39:09 Thumb Ring
39:17 Imperial Skirmisher
39:40 Two-Handed Swordsman
40:35 Forced Levy
41:02 Conscription
40:33 Town Watch
42:41 Ballistics
43:22 Chemistry
43:23 Bodkin Arrow
43:59 Ring Archer Armor
44:24 Bracer
43:54 Elite Battle Elephant
44:32 Arson
45:47 Halberdier
Hrakiir
10:26 Loom
12:41 Feudal Age
20:06 Castle Age
17:50 Horse Collar
19:18 Double-Bit Axe
19:28 Stone Mining
19:29 Gold Mining
19:36 Town Watch
21:05 Bow Saw
20:56 Heavy Plow
22:38 Wheelbarrow
23:54 Hand Cart
30:06 Town Patrol
32:55 Imperial Age
32:28 Fletching
33:51 Bodkin Arrow
34:21 Paper Money
36:19 Two-Man Saw
35:51 Crop Rotation
35:58 Stone Shaft Mining
35:28 Elite Rattan Archer
37:18 Bracer
37:19 Padded Archer Armor
38:58 Leather Archer Armor
39:21 Ballistics
40:02 Chemistry
39:08 Siege Engineers
40:19 Ring Archer Armor
40:29 Scale Mail Armor
40:41 Forging
40:56 Masonry
41:23 Hoardings
42:59 Chain Mail Armor
43:20 Iron Casting
NuMa | Reize
1:27 Loom
11:43 Feudal Age
15:32 Castle Age
14:15 Double-Bit Axe
14:16 Horse Collar
17:20 Scale Barding Armor
18:16 Bloodlines
24:14 Wheelbarrow
24:19 Stone Mining
27:00 Forging
29:33 Fletching
32:03 Bodkin Arrow
32:30 Chain Barding Armor
32:45 Iron Casting
33:49 Hand Cart
33:49 Bow Saw
37:05 Imperial Age
35:12 Murder Holes
37:22 Husbandry
37:36 Cavalier
38:56 Plate Barding Armor
41:29 Blast Furnace
40:30 Bracer
42:17 Capped Ram
43:12 Siege Ram
46:15 Two-Man Saw
tommy bobbins
9:55 Feudal Age
10:59 Loom
12:54 Fishing Lines
16:17 Castle Age
15:03 Double-Bit Axe
15:01 Fishing Lines
17:52 Stone Mining
19:21 Bow Saw
20:15 Wheelbarrow
24:29 Fletching
27:36 Ballistics
27:12 Murder Holes
31:23 Imperial Age
29:20 Bodkin Arrow
29:26 Padded Archer Armor
29:18 Horse Collar
31:34 Leather Archer Armor
31:34 Elite Mangudai
33:37 Bracer
34:31 Bloodlines
34:21 Husbandry
34:29 Thumb Ring
36:04 Chemistry
36:16 Parthian Tactics
36:02 Gold Mining
36:50 Stone Shaft Mining
35:53 Light Cavalry
37:12 Hand Cart
38:44 Conscription
38:57 Siege Engineers
39:22 Drill
43:05 Onager
44:04 Herbal Medicine
45:04 Scale Barding Armor
45:09 Forging
45:32 Caravan
45:52 Heavy Plow
TheDukeofWrenches
5:04 Loom
13:06 Feudal Age
14:27 Wheelbarrow
13:36 Horse Collar
13:44 Double-Bit Axe
20:52 Castle Age
22:38 Hand Cart
22:43 Bow Saw
22:35 Heavy Plow
24:02 Squires
27:59 Town Watch
27:38 Hamask
31:37 Scale Mail Armor
31:47 Forging
34:54 Imperial Age
34:25 Chain Mail Armor
34:45 Iron Casting
34:24 Gold Mining
34:25 Stone Mining
36:04 Conscription
36:33 Onager
38:06 Siege Onager
39:39 Ballistics
39:13 Pikeman
39:40 Arson
41:27 Elite Jomsviking
43:15 Plate Mail Armor
43:45 Blast Furnace
43:24 Siege Engineers
44:20 Chemistry
43:31 Masonry
42:53 Northmen's Fury
44:02 Heavy Scorpion
47:22 Halberdier
abcd312
0:41 Loom
13:05 Feudal Age
11:24 Double-Bit Axe
15:04 Horse Collar
17:29 Bow Saw
17:09 Town Watch
18:44 Heavy Plow
19:46 Wheelbarrow
20:48 Gold Mining
24:08 Castle Age
22:14 Stone Mining
22:40 Fishing Lines
25:19 Stone Shaft Mining
26:37 Cavalier
27:18 Husbandry
29:32 Two-Man Saw
32:40 Fortified Wall
32:40 Masonry
34:52 Forging
34:47 Scale Barding Armor
38:39 Imperial Age
36:38 Caravan
37:09 Coinage
37:37 Pikeman
38:17 Squires
38:03 Arson
37:38 Man-at-Arms
41:12 Chemistry
43:32 Burgundian Vineyards
43:44 Paladin
45:10 Hand Cart
44:59 Town Patrol
46:10 Chain Barding Armor
46:25 Iron Casting
47:54 Hoardings
47:27 Light Cavalry
50:42 Plate Barding Armor
50:08 Scale Mail Armor
山~~林~~涼
15:48 Feudal Age
19:08 Castle Age
17:26 Double-Bit Axe
17:33 Gold Mining
18:02 Scale Barding Armor
18:35 Forging
20:02 Husbandry
20:29 Bow Saw
20:41 Chain Barding Armor
23:01 Wheelbarrow
22:34 Loom
22:35 Town Watch
22:54 Pikeman
24:10 Scale Mail Armor
26:26 Light Cavalry
29:50 Hand Cart
40:49 Imperial Age
41:24 Cavalier
41:39 Capped Ram
43:25 Two-Man Saw
42:07 Horse Collar
42:53 Siege Ram
49:52 Paladin
Connection lost

Rejoining the realm…

Still unreachable

The connection could not be restored.

Session expired

The server has moved on; the page needs a fresh start.